 Dungeon Crawl Stone Soup version 0.29.1-12-g30fa7ad0bf (webtiles) character file.

Game seed: 11371932474558436054

2 112233 the Sneak (level 1, 0/11 HPs)
             Began as an Octopode Enchanter on Dec 17, 2022.
             Slain by an endoplasm (2 damage)
             ... on level 1 of the Dungeon.
             The game lasted 00:00:14 (77 turns).

112233 the Sneak (Octopode Enchanter)                 Turns: 77, Time: 00:00:14

Health: 0/11       AC:  1    Str:  7    XL:     1   Next: 30%
Magic:  5/12       EV: 13    Int: 17    God:
Gold:   23         SH:  0    Dex: 12    Spells: 4/4 levels left

rFire   . . .      SeeInvis .   a - +1 dagger
rCold   . . .      Faith    .   (no shield)
rNeg    . . .      Spirit   .   (helmet restricted)
rPois   .          Reflect  .   (no amulet)
rElec   .          Harm     .   e - ring of magical power
rCorr   .          Rampage  .   (no ring)
Will    .....                   (no ring)
Stlth   +++.......              (no ring)
HPRegen 0.03/turn               (no ring)
MPRegen 0.13/turn               (no ring)
                                (no ring)
                                (no ring)

@: no status effects
A: almost no armour, amphibious, 8 rings, camouflage 1, gelatinous body 1,
(nimble swimmer 1), tentacles
a: no special abilities


You were on level 1 of the Dungeon.
You visited 1 branch of the dungeon, and saw 1 of its levels.

You collected 23 gold pieces.

Inventory:

Hand Weapons
 a - a +1 dagger (weapon)
Jewellery
 e - a ring of magical power (left tentacle)
Scrolls
 d - a scroll of identify {unknown}
Potions
 b - 2 potions of invisibility
 c - a potion of lignification {unknown}


   Skills:
 + Level 0.0 Fighting
 - Level 1.0 Short Blades
 + Level 2.0 Dodging
 + Level 4.0 Stealth
 + Level 2.0 Spellcasting
 + Level 3.0 Hexes


You had 4 spell levels left.
You didn't know any spells.
Your spell library contained the following spells:

 Spells                   Type           Power      Damage    Failure   Level
 Ensorcelled Hibernation  Hex/Ice        12%        N/A       16%         2
 Confusing Touch          Hex            12%        N/A       17%         3
 Tukima's Dance           Hex            12%        N/A       17%         3
 Dazzling Flash           Conj/Hex       12%        N/A       30%         3


Dungeon Overview and Level Annotations

Branches:
Dungeon (1/15)

Altars:


Innate Abilities, Weirdness & Mutations

You cannot wear most types of armour.
You are amphibious.
You can wear up to eight rings at the same time.
Your skin changes colour to match your surroundings (Stealth+).
Your rubbery body absorbs attacks. (AC +1, EV +1)
((You are camouflaged when in or above water. (Stealth+)))
You have tentacles for arms and can constrict up to eight enemies at once.


Message History

You hit the hobgoblin but do no damage. Your grab misses the hobgoblin.
Your squeeze misses the hobgoblin.
The kobold throws a stone.
The stone closely misses you. The hobgoblin barely misses you.
You hit the hobgoblin. You grab the hobgoblin. You squeeze the hobgoblin.
You kill the hobgoblin!
Unknown command.
Unknown command.
A goblin comes into view. It is wielding a +0 dagger.
Unknown command.
There are no items here.
Unknown command.
You closely miss the kobold. You grab the kobold.
You constrict the kobold, but do no damage.
The kobold hits you with a +0 whip.
You hit the kobold but do no damage.
You squeeze the kobold, but do no damage.
You constrict the kobold, but do no damage.
The kobold hits you with a +0 whip.
Ouch! That really hurt!
Unknown command.
You are too injured to fight recklessly!
Unknown command.
You are too injured to fight recklessly!
Unknown command.
You barely miss the kobold. You constrict the kobold.
The kobold completely misses you.
You release your grip on the kobold.
The goblin shouts!
Unknown command.
You barely miss the kobold. Your grab misses the kobold.
You squeeze the kobold.
You kill the kobold!
The goblin hits you with a +0 dagger.
* * * LOW HITPOINT WARNING * * *
Unknown command.
You closely miss the goblin. Your grab misses the goblin.
The goblin barely misses you.
The endoplasm jiggles.
The endoplasm hits you.
You die...

...♣.....⌠......##.#
....[.(.......#∩##.#
............♣###...#
............##.##..#
............##.###.#######
.<......♣..♣##..........>.
#...........##....####.##.
##..♣....♣.##.......#
#############.g@.#.#
#.#J##... #.#.####### #
#...J.... #.........
#g######### #. #


You could see an endoplasm and a goblin.

Vanquished Creatures
  A hobgoblin (D:1)
  A kobold (D:1)
2 creatures vanquished.

Notes
Turn   | Place    | Note
-------+----------+-------------------------------------------
     0 | D:1      | 112233 the Octopode Enchanter began the quest for the Orb.
     0 | D:1      | Reached XP level 1. HP: 11/11 MP: 3/3
    77 | D:1      | Slain by an endoplasm

Illustrated notes

Levels and vault maps discovered:
D:1:      nzn_arrival_settlement, layout_loops_ring,
          shapermc_ecumenical_altar_pompeii, serial_bayou_ford_a

Action                   || total
-------------------------++-------
Melee: Dagger            ||     8
       Tentacles         ||     3
       Constrict         ||     2
Dodge: Dodged            ||     6
